 Dungeon Crawl Stone Soup version 0.25-a0-316-gd28d56f9c5 (webtiles) character file.

Game seed: 2986223741886212308, levelgen mode: classic

19243 Borgoz the Basher (level 12, -8/79 HPs)
             Began as a Gargoyle Berserker on Dec 24, 2019.
             Was a High Priest of Trog.
             Killed from afar by an ice dragon (39 damage)
             ... with a blast of cold
             ... on level 12 of the Dungeon.
             The game lasted 00:18:38 (12277 turns).

Borgoz the Basher (Gargoyle Berserker)             Turns: 12277, Time: 00:18:39

Health: -8/79      AC: 23    Str: 22    XL:     12   Next: 66%
Magic:  12/12      EV: 15    Int:  8    God:    Trog [*****.]
Gold:   636        SH:  0    Dex: 13    Spells: 11/11 levels left

rFire    . . .     SeeInvis .   D - +2 morningstar (drain)
rCold    . . .     Gourm    .   (no shield)
rNeg     + . .     Faith    .   q - +0 scale mail
rPois    ∞         Spirit   .   f - +1 helmet
rElec    +         Reflect  .   F - +0 cloak
rCorr    +         Harm     .   r - +0 pair of gloves
MR       .....                  (no boots)
Stlth    ..........             (no amulet)
HPRegen  0.23/turn              A - ring of resist corrosion
MPRegen  0.13/turn              (no ring)

@: no status effects
A: negative energy resistance 1, electricity resistance, unbreathing,
petrification resistance, rot immunity, AC +8
a: Berserk, Trog's Hand, Brothers in Arms, Renounce Religion


You were on level 12 of the Dungeon.
You worshipped Trog.
Trog was extremely pleased with you.
You were not hungry.

You visited 1 branch of the dungeon, and saw 12 of its levels.

You collected 706 gold pieces.
You spent 70 gold pieces at shops.

Inventory:

Hand Weapons
 u - a +2 dire flail of flaming
 z - a +0 antimagic dire flail
 C - a +0 great mace
 D - a +2 morningstar of draining (weapon)
Armour
 f - a +1 helmet (worn)
 q - a +0 scale mail (worn)
 r - a +0 pair of gloves (worn)
 F - a +0 cloak (worn)
Jewellery
 A - a ring of resist corrosion (left hand)
Wands
 a - a wand of clouds (5)
 b - a wand of iceblast (13)
 m - a wand of polymorph (23)
 n - a wand of scattershot (5)
 v - a wand of acid (6)
 w - a wand of enslavement (10)
 y - a wand of flame (25)
Scrolls
 e - 3 scrolls of holy word {unknown}
 g - a scroll of enchant weapon {unknown}
 h - a scroll of brand weapon
 i - 6 scrolls of teleportation
 o - a scroll of magic mapping
 s - 9 scrolls of remove curse
 t - a scroll of enchant armour
 x - a scroll of fear
 B - a scroll of blinking
Potions
 d - 4 potions of brilliance
 j - 6 potions of heal wounds
 k - 2 potions of resistance
 l - 4 potions of cancellation
 p - 2 potions of agility
 G - a potion of ambrosia {unknown}
 H - a potion of might {unknown}
Comestibles
 c - 23 rations
 E - 8 chunks of flesh


   Skills:
 + Level 10.7 Fighting
 * Level 11.3 Maces & Flails
 + Level 10.8 Armour
 * Level 9.7 Dodging


You had 11 spell levels left.
You didn't know any spells.
Your spell library was empty.

Dungeon Overview and Level Annotations

Branches:
Dungeon (12/15)            Temple (0/1) D:6            Lair (0/6) D:10
    Orc (0/2) D:10

Altars:
Ashenzari
Cheibriados
Elyvilon
Hepliaklqana
Nemelex Xobeh
Ru
Sif Muna
Xom
Yredelemnul
Zin

Shops:
D:4 %%((*   D:7 [[![   D:11 =

Annotations:
D:9 1 runed translucent door, Borgoz's ghost, journeyman GrBe


Innate Abilities, Weirdness & Mutations

You are resistant to torment.
Your stone body is resilient. (AC +8)
You are immune to poison.
You resist negative energy. (rN+)
You are resistant to electric shocks. (rElec)
You can survive without breathing.
You are immune to petrification.
You are immune to rotting.


Message History

The hippogriff bites you but does no damage.
The hippogriff closely misses you.
The hippogriff claws you but does no damage.
The shadow barely misses you. The bullfrog hits you.
Unknown command.
You puncture the shadow!
You destroy the shadow!
Trog accepts your kill.
The bullfrog swells and bulges.
The bullfrog hits you but does no damage.
The hippogriff bites you but does no damage.
The hippogriff misses you. The hippogriff closely misses you.
The bullfrog hits you but does no damage.
The bullfrog completely misses you. The hippogriff completely misses you.
The hippogriff pecks you. The hippogriff completely misses you.
The orc completely misses you.
The bullfrog hits you but does no damage.
The ice dragon breathes frost at you. The blast of cold hits you!!!
You die...

... #.######### ..
........>#####
#.###............#
#..<...#####.###.#
#D)).#.## #.# #.#
#..).#..# #÷# #.#
#.oo.#..## #.# #.##
####.#FH....# #.# #...
#....@#####.###.######
#.....................
#^..(.######.##.....##
####### #..#.....##
##.#...(... #.#.....##
#......## ##.....#
#..####


You could see an ice dragon, a hippogriff, a bullfrog and an orc.

Vanquished Creatures
  Josephine (D:10)
  A hydra (D:10)
  2 two-headed ogres
  3 centaur warriors (D:10)
  Nergalle (D:11)
  A cyclops (D:12)
  3 deep elf magi
  2 centaur zombies
  A centaur skeleton (D:11)
  A kobold demonologist (D:10)
  A komodo dragon (D:12)
  2 trolls
  A polar bear (D:12)
  A hornet (D:10)
  A hippogriff (D:11)
  A shadow (D:12)
  A vampire (D:11)
  5 wraiths (D:10)
  3 wyverns (D:11)
  A water elemental (D:11)
  3 yaks (D:10)
  A human (D:7)
  4 hogs (D:7)
  Grum (D:10)
  2 wargs (D:10)
  An acid dragon (D:10)
  4 ice beasts
  A swamp drake (D:10)
  7 orc warriors
  A black bear (D:6)
  4 phantoms
  A necrophage (D:9)
  An eye of draining (D:9)
  6 sky beasts
  8 ogres
  A crocodile (D:10)
  2 wolves (D:10)
  4 centaurs
  2 big kobolds
  8 bullfrogs
  A wyvern zombie (D:7)
  2 gnoll sergeants
  6 scorpions
  4 wights (D:9)
  5 howler monkeys
  4 electric eels (D:11)
  6 crimson imps
  2 bullfrog skeletons
  5 hounds
  3 jellies
  9 orc priests
  3 iguanas
  Ijyb (D:5)
  Natasha (thrice) (D:3)
  11 orc wizards
  6 worker ants
  2 hound skeletons
  4 worker ant zombies
  Robin (D:2)
  A howler monkey zombie (D:11)
  9 gnolls
  16 adders
  A shadow imp (D:10)
  An adder skeleton (D:9)
  An adder zombie (D:4)
  2 worms
  A dart slug (D:1)
  3 leopard geckos
  59 orcs
  A bat (D:1)
  4 giant cockroaches
  13 goblins
  11 hobgoblins
  21 jackals
  11 kobolds
  4 quokkas
  A ball python (D:2)
  7 frilled lizards
  A leopard gecko skeleton (D:6)
  A leopard gecko zombie (D:7)
  7 rats
349 creatures vanquished.

Vanquished Creatures (others)
  A leopard gecko (D:5)
  An orc (D:10)
2 creatures vanquished.

Grand Total: 351 creatures vanquished

Notes
Turn   | Place    | Note
-------+----------+-------------------------------------------
     0 | D:1      | Borgoz the Gargoyle Berserker began the quest for the Orb.
     0 | D:1      | Reached XP level 1. HP: 14/14 MP: 1/1
   223 | D:1      | Reached XP level 2. HP: 19/19 MP: 2/2
   516 | D:1      | Reached XP level 3. HP: 22/23 MP: 3/3
   558 | D:1      | Reached ** piety under Trog
   932 | D:2      | Noticed Robin
   941 | D:2      | Killed Robin
   946 | D:2      | Reached XP level 4. HP: 26/29 MP: 4/4
  1517 | D:3      | Reached XP level 5. HP: 25/33 MP: 5/5
  1527 | D:3      | Noticed Natasha
  1540 | D:3      | Killed Natasha
  1742 | D:3      | Noticed Natasha
  1749 | D:3      | Killed Natasha
  1877 | D:3      | Reached *** piety under Trog
  1885 | D:3      | Reached XP level 6. HP: 38/38 MP: 6/6
  1965 | D:3      | Noticed Natasha
  1983 | D:3      | Killed Natasha
  2493 | D:4      | Found Gaopaam's Food Emporium.
  2825 | D:4      | Reached skill level 4 in Maces & Flails
  2969 | D:4      | Found Mixon's General Store.
  2980 | D:4      | Reached XP level 7. HP: 33/44 MP: 7/7
  3079 | D:4      | Found Hyow's Antique Weapon Shop.
  3149 | D:4      | Found a hazy altar of Hepliaklqana.
  3277 | D:4      | Reached skill level 5 in Fighting
  3277 | D:4      | Reached skill level 5 in Armour
  3322 | D:4      | Found a white marble altar of Elyvilon.
  3372 | D:4      | Reached **** piety under Trog
  3424 | D:4      | Found Qudott's Food Boutique.
  3491 | D:4      | HP: 2/66 [ogre/cursed +0 giant spiked club (8)]
  4057 | D:4      | Found Fiucsosk's Antique Weapon Shop.
  4136 | D:5      | Entered Level 5 of the Dungeon
  4226 | D:5      | Reached XP level 8. HP: 39/50 MP: 8/8
  4231 | D:5      | Reached skill level 5 in Maces & Flails
  4239 | D:5      | Noticed Ijyb
  4261 | D:5      | Killed Ijyb
  4415 | D:5      | Found a shimmering altar of Xom.
  5951 | D:6      | Found a shattered altar of Ashenzari.
  6075 | D:6      | Reached skill level 5 in Dodging
  6196 | D:6      | Found a basalt altar of Yredelemnul.
  6225 | D:6      | Reached skill level 6 in Maces & Flails
  6225 | D:6      | Reached XP level 9. HP: 33/56 MP: 9/9
  6968 | D:6      | Found a shimmering blue altar of Sif Muna.
  7068 | D:6      | Found a staircase to the Ecumenical Temple.
  7120 | D:7      | HP: 1/57 [orc warrior/+0 glaive (2)]
  7213 | D:7      | Found Cheibriados's Comfort Zone.
  7213 | D:7      | Found a snail-covered altar of Cheibriados.
  7213 | D:7      | Found Laetwaf's Distillery.
  7305 | D:7      | Bought a potion of heal wounds for 70 gold pieces
  7550 | D:7      | Found Town's Antique Armour Shoppe.
  7611 | D:7      | Found a sparkling altar of Nemelex Xobeh.
  7681 | D:7      | Reached ***** piety under Trog
  7681 | D:7      | Received a gift from Trog
  7693 | D:7      | Found a sacrificial altar of Ru.
  7715 | D:7      | Reached skill level 7 in Maces & Flails
  7731 | D:7      | Reached XP level 10. HP: 25/64 MP: 10/10
  7988 | D:7      | Found Vunojos's Antique Armour Boutique.
  8316 | D:8      | Found a snail-covered altar of Cheibriados.
  8316 | D:8      | Noticed a two-headed ogre
  8326 | D:8      | Killed a two-headed ogre
  8601 | D:8      | Noticed an angel
  8602 | D:8      | Found a glowing silver altar of Zin.
  8750 | D:9      | Reached skill level 8 in Maces & Flails
  8968 | D:9      | Noticed a two-headed ogre
  8980 | D:9      | Killed a two-headed ogre
  9357 | D:9      | Reached XP level 11. HP: 66/71 MP: 11/11
  9482 | D:9      | Found a runed translucent door.
  9487 | D:9      | Noticed Borgoz's ghost (journeyman GrBe)
  9582 | D:10     | Entered Level 10 of the Dungeon
  9600 | D:10     | Found a staircase to the Lair.
  9694 | D:10     | Noticed Josephine
  9705 | D:10     | Reached skill level 9 in Maces & Flails
  9714 | D:10     | Killed Josephine
  9920 | D:10     | Received a gift from Trog
 10080 | D:10     | Found a staircase to the Orcish Mines.
 10254 | D:10     | Noticed Grum
 10276 | D:10     | Killed Grum
 10553 | D:10     | Noticed a centaur warrior
 10553 | D:10     | Noticed a deep elf mage
 10553 | D:10     | Noticed a centaur warrior
 10553 | D:10     | Noticed a centaur warrior
 10557 | D:10     | Killed a centaur warrior
 10563 | D:10     | Killed a deep elf mage
 10563 | D:10     | Reached skill level 10 in Maces & Flails
 10563 | D:10     | Reached skill level 10 in Armour
 10567 | D:10     | Killed a centaur warrior
 10567 | D:10     | Reached skill level 10 in Fighting
 10571 | D:10     | Killed a centaur warrior
 10603 | D:10     | Reached XP level 12. HP: 75/77 MP: 12/12
 10818 | D:11     | Noticed a four-headed hydra
 10835 | D:10     | Killed a four-headed hydra
 11076 | D:11     | Noticed Nergalle
 11097 | D:11     | Killed Nergalle
 11445 | D:11     | Found Wadeehoda's Jewellery Emporium.
 12003 | D:12     | Reached skill level 11 in Maces & Flails
 12243 | D:12     | Received a gift from Trog
 12271 | D:12     | Noticed an ice dragon
 12277 | D:12     | Killed from afar by an ice dragon

Levels and vault maps discovered:
D:1:      dpeg_arrival_water_temple_mockup, layout_loops_ring
D:2:      layout_rooms, first_ration, uniq_robin
D:3:      layout_basic, uniq_natasha
D:4:      layout_basic, old_standard_altar, serial_shops, shop,
          nicolae_shop_crystal, nicolae_shop_waterfront, shop,
          kennysheep_mini_moat, elyvilon_altar_1
D:5:      layout_basic, tgw_xom, uniq_ijyb
D:6:      layout_loops_corners, old_standard_altar, kennysheep_mini,
          yredelemnul_altar_generic, minmay_temple_entry_enclosed_plants
D:7:      wander_river, layout_loops_ring, nemelex_xobeh_ov_fountains_minmay,
          nicolae_ru_sacrificial_ziggurat, serial_shops, shop, shop_statue,
          shop, grunt_livestock, minmay_misc_feat_columns, minmay_shop_chei
D:8:      layout_rooms, old_standard_altar, zin_angel
D:9:      layout_cave_pools, ebering_ghost_reflecting_pool
D:10:     minmay_the_grid_triangle_9x9_recursive_2
          [minmay_the_grid_triangle_9x9_prize_top_heavy,
          minmay_the_grid_triangle_9x9_swiss_cheese,
          minmay_the_grid_triangle_9x9_wacky_v,
          minmay_the_grid_triangle_9x9_stretched_checkered],
          layout_irregular_city, erik_lair_orcish_takeover, erik_orc_1,
          uniq_josephine, uniq_grum
D:11:     layout_cave_pools, serial_shops, nicolae_shop_behind_doors,
          serial_bayou_lake_a, uniq_nergalle
D:12:     evilmike_library_of_no_secrets, layout_basic, ice2_lemuel, uniq_rupert

Skill      XL: |  1  2  3  4  5  6  7  8  9 10 11 12 |
---------------+-------------------------------------+-----
Dodging        | 2 3 4 5 6 7 8 9 |  9.7
Armour         | 3 4 5 6 8 9 10 | 10.8
Fighting       | 4 5 6 8 9 10 | 10.7
Maces & Flails | 4 6 7 8 10 11 | 11.3

Action                   |  1- 3 |  4- 6 |  7- 9 | 10-12 || total
-------------------------+-------+-------+-------+-------++-------
Melee: Mace              |   105 |   229 |   490 |       ||   824
       Unarmed           |       |     7 |       |       ||     7
       Dire flail        |       |       |    26 |   418 ||   444
       Morningstar       |       |       |       |   252 ||   252
Invok: Berserk           |     1 |     2 |    10 |     7 ||    20
       Trog's Hand       |       |       |     3 |     2 ||     5
Evoke: Wand              |       |       |       |     2 ||     2
  Use: Scroll            |       |     4 |     7 |     6 ||    17
       Potion            |       |       |     2 |       ||     2
 Stab: Confused          |       |       |       |     1 ||     1
  Eat: Chunk             |       |    10 |    19 |    20 ||    49
       Ration            |       |       |     2 |     1 ||     3
Armor: Animal skin       |     7 |       |       |       ||     7
       Ring mail         |    57 |   111 |       |       ||   168
       Scale mail        |       |     4 |   345 |   337 ||   686
Dodge: Dodged            |    95 |   160 |   370 |   442 ||  1067

Table legend:
 A = Non-vault XP
 B = Vault XP
 C = Vault XP percentage of total XP
 D = Non-vault monster count
 E = Vault monster count
 F = Vault count percentage of total count
                 A         B        C        D         E       F
            +---------+---------+-------+---------+---------+-------
      Total |   17117 |   10373 |  37.7 |     278 |      72 |  20.6
            +---------+---------+-------+---------+---------+-------
        D:1 |      44 |       0 |   0.0 |      23 |       0 |   0.0
        D:2 |      23 |      39 |  62.9 |      15 |      13 |  46.4
        D:3 |     254 |      35 |  12.1 |      24 |       1 |   4.0
        D:4 |     653 |       0 |   0.0 |      33 |       0 |   0.0
        D:5 |     375 |     234 |  38.4 |      13 |       7 |  35.0
        D:6 |    1118 |       0 |   0.0 |      29 |       0 |   0.0
        D:7 |    1056 |     980 |  48.1 |      25 |       5 |  16.7
        D:8 |    1854 |       0 |   0.0 |      14 |       0 |   0.0
        D:9 |    2591 |       0 |   0.0 |      31 |       0 |   0.0
       D:10 |    2839 |    7742 |  73.2 |      21 |      42 |  66.7
       D:11 |    3232 |     789 |  19.6 |      35 |       1 |   2.8
       D:12 |    3078 |     554 |  15.3 |      15 |       3 |  16.7
            +---------+---------+-------+---------+---------+-------
